 Dungeon Sprint DCSS version 0.30-a0-458-g86641cc369 (webtiles) character file.

Game seed: 14218500307763436716

20321 BigDaddyOpFi the Warrior (level 12, -7/127 HPs)
             Began as a Minotaur Fighter on Dec 14, 2022.
             Was the Champion of Fedhas.
             Mangled by a spark wasp (15 damage)
             ... in the Dungeon (Sprint IX: "|||||||||||||||||||||||||||||").
             The game lasted 00:10:31 (3898 turns).

BigDaddyOpFi the Warrior (Minotaur Fighter)         Turns: 3898, Time: 00:10:31

Health: -7/127     AC: 26    Str: 28    XL:     12   Next: 44%
Magic:  13/22      EV:  9    Int:  9    God:    Fedhas [******]
Gold:   1580       SH:  9    Dex: 17    Spells: 11/11 levels left

rFire   . . .      SeeInvis .    n - +1 broad axe (freeze)
rCold   . . .      Faith    .    c - +0 buckler
rNeg    . . .      Spirit   .    p - +7 chain mail of Exclusion {Int+4 Stlth+}
rPois   .          Reflect  .    t - +0 hat {Will+}
rElec   .          Harm     .    x - +1 cloak
rCorr   .          Rampage  .    z - +0 pair of gloves {Str+3}
Will    +....      NoTele   +    (no boots)
Stlth   ..........               (no amulet)
HPRegen 0.41/turn                q - +3 ring of dexterity
MPRegen 0.18/turn                r - +3 ring of dexterity

@: no status effects
A: horns 2, retaliatory headbutt
a: Renounce Religion, Wall of Briars, Grow Ballistomycete, Overgrow, Grow Oklob


You were in the Dungeon.
You worshipped Fedhas.
Fedhas was exalted by your worship.
You visited 1 branch You collected 2949 gold pieces.
You spent 1369 gold pieces at shops.

Inventory:

Hand Weapons
 n - a +1 broad axe of freezing (weapon)
Armour
 c - a +0 buckler (worn)
 p - the +7 chain mail of Exclusion (worn) {Int+4 Stlth+}
   (You bought it in a shop in the Dungeon)

   Int:       It affects your intelligence (+4).
   Stlth:     It makes you more stealthy.
 t - a +0 hat of willpower (worn)
 x - a +1 cloak (worn)
 z - a +0 pair of gloves of strength (worn)
Jewellery
 a - a ring of fire
 k - a ring of protection from cold
 q - a +3 ring of dexterity (left hand)
 r - a +3 ring of dexterity (right hand)
 u - a ring of see invisible
 v - a ring of protection from cold
 w - a ring of ice
Wands
 m - a wand of roots (6) (quivered)
Scrolls
 e - a scroll of magic mapping
 f - 2 scrolls of fog
 g - a scroll of identify
 i - 2 scrolls of enchant armour
 j - 3 scrolls of blinking
 l - 2 scrolls of amnesia
 o - 3 scrolls of enchant weapon
 y - 2 scrolls of fear
Potions
 b - a potion of curing
 d - 2 potions of might
 h - 4 potions of magic
 s - a potion of cancellation {unknown}
 A - 2 potions of heal wounds
 B - a potion of brilliance


   Skills:
 + Level 17.7 Fighting
 + Level 17.5 Axes
 + Level 17.7 Armour
 + Level 17.7 Shields
 * Level 15.0 Invocations


You had 11 spell levels left.
You didn't know any spells.
Your spell library was empty.

Dungeon Overview and Level Annotations

Branches:
Dungeon (1/1)

Altars:
Cheibriados
Dithmenos
Elyvilon
Fedhas
Gozag
Hepliaklqana
Kikubaaqudgha
Makhleb
Nemelex Xobeh
Okawaru
Qazlal
Ru
Sif Muna
Trog
Uskayaw
Vehumet
Wu Jian
Xom
Yredelemnul
Zin
The Shining One
Jiyva
Lugonu

Shops:
D *(*?


Innate Abilities, Weirdness & Mutations

You have a pair of horns on your head.
You reflexively headbutt those who attack you in melee.


Message History

The red very ugly thing gores you!
The spriggan air mage waves its arms in wide circles.
The air twists around and strikes you.
Things that are here:
4 large rocks; a stone giant corpse You slash the red very ugly thing!
You freeze the red very ugly thing.
The red very ugly thing is lightly wounded.
The red very ugly thing closely misses you.
You slice the red very ugly thing!! You freeze the red very ugly thing!
You headbutt the red very ugly thing.
The red very ugly thing is heavily wounded.
The red very ugly thing gores you but does no damage.
You slash the red very ugly thing! You freeze the red very ugly thing.
The red very ugly thing is severely wounded.
The red very ugly thing gores you but does no damage.
You slice the red very ugly thing!! You freeze the red very ugly thing.
You headbutt the red very ugly thing!
The red very ugly thing is almost dead.
You hit the red very ugly thing. You freeze the red very ugly thing.
The red very ugly thing is almost dead.
The red very ugly thing completely misses you.
You slash the red very ugly thing! You freeze the red very ugly thing.
You kill the red very ugly thing!
Fedhas appreciates your contribution to the ecosystem.
Your Invocations skill increases to level 15!
You miss the spark wasp. You headbutt the spark wasp!
The spark wasp is lightly wounded.
The spark wasp stings you!! The spark wasp shocks you!
* * * LOW HITPOINT WARNING * * *
The spriggan air mage gestures at you while chanting.
The bolt of lightning hits the spark wasp.
The spark wasp completely resists.
The bolt of lightning hits you!!
* * * LOW HITPOINT WARNING * * *
The bolt of lightning hits your oklob plant!!
You hear a shout!
You hit the spark wasp. You freeze the spark wasp.
The spark wasp is moderately wounded.
The spark wasp stings you!
You die...
Fedhas appreciates your contribution to the ecosystem.

,*,*,*,*,*,*,*,▓.▓.▓.▓.▓.▓.▓)▓
,*,*,*,*,*,*,*,▓.▓.▓∩▓.▓.▓.▓)▓
+*,*,*,*,*,*,*,▓.▓.▓)▓.▓.▓.▓.▓
,*,*,*,*,*,*,*,▓.▓.▓∩▓.▓.▓.▓.▓
,*,*,*,*,*,*,*,▓.▓.▓.▓.▓.▓.▓[▓
,*,*,*,*,*,*,*,▓.▓.▓∩▓.▓.▓.▓.▓
,*,*,*,*,*,*+*,▓i▓.▓.▓.▓.▓.▓.▓
,*,*,*,*,*,*,*,▓y▓.▓.▓.▓.▓.▓)▓
,*,*,*,*,*,*,*,▓@▓.▓.▓.▓.▓.▓.▓
,*,*,*,*,*,*,*,▓P▓.▓.▓.▓.▓.▓.▓
,*,*,*,*,*,*,*,▓.▓.▓.▓.▓†▓.▓'▓
,*,*,*,*,*,*,*,▓)▓.▓)▓.▓†▓.▓_▓
,*,*,*,*,*,*,*,▓)▓.▓)▓.▓†▓.▓_▓
,*,*,*,*,*,*,*,▓)▓.▓)▓.▓P▓.▓_▓
,*,*,*,*,*,*,*,▓.▓.▓)▓.▓.▓.▓_▓
,*,*,*,*+*,*,*,▓)▓.▓.▓.▓.▓.▓_▓
+*,*,*,*,*,*+*,▓.▓.▓.▓.▓.▓.▓_▓


You could see a spark wasp, a spriggan air mage (repels missiles, ally target)
and a friendly oklob plant (summoned).

Vanquished Creatures
  Gastronok (D)
  A very ugly thing (D)
  2 boulder beetles (D)
  An ogre mage (D)
  A hydra (D)
  A two-headed ogre (D)
  A death yak (D)
  An orc high priest (D)
  A cyclops (D)
  Maurice (D)
  A black mamba (D)
  A cane toad (D)
  A komodo dragon (D)
  A troll (D)
  A polar bear (D)
  A blink frog (D)
  A wraith (D)
  A yak (D)
  3 basilisks (D)
  Eustachio (D)
  2 acid dragons (D)
  A water moccasin (D)
  A black bear (D)
  A gnoll sergeant (D)
  3 bullfrogs (D)
  A necrophage (D)
  A killer bee (D)
  A howler monkey (D)
  A hound (D)
  An orc priest (D)
  An orc wizard (D)
  An adder (D)
  An ufetubus (D)
  An orc (D)
  2 endoplasms (D)
  2 hobgoblins (D)
  A quokka (D)
45 creatures vanquished.

Vanquished Creatures (collateral kills)
  A stone giant (D)
  A centaur warrior (D)
  A boulder beetle (D)
  5 orc high priests (D)
  4 orc knights (D)
  2 deep elf pyromancers (D)
  An orc sorcerer (D)
  A cyclops (D)
  A black mamba (D)
  An efreet (D)
  3 polar bears (D)
  A wyvern (D)
  4 black bears (D)
  8 orc warriors (D)
  11 orc priests (D)
  3 orc wizards (D)
  4 orcs (D)
52 creatures vanquished.

Vanquished Creatures (others)
  A manticore (D)
  A howler monkey (D)
  A ballistomycete spore (D)
3 creatures vanquished.

Grand Total: 100 creatures vanquished

Notes
Turn   | Place    | Note
-------+----------+-------------------------------------------
     0 | D        | BigDaddyOpFi the Minotaur Fighter began the quest for the
                  | Orb.
     0 | D        | Reached XP level 1. HP: 19/19 MP: 0/0
    20 | D        | Noticed a hound
    20 | D        | Noticed a necrophage
    23 | D        | Reached XP level 2. HP: 24/28 MP: 1/1
    30 | D        | Reached skill level 5 in Fighting
    30 | D        | Reached skill level 5 in Shields
    51 | D        | Killed a necrophage
    52 | D        | Reached skill level 5 in Axes
    52 | D        | Reached XP level 3. HP: 13/37 MP: 2/2
    52 | D        | Reached XP level 4. HP: 15/44 MP: 3/3
   314 | D        | Found a snail-covered altar of Cheibriados.
   314 | D        | Found a shadowy altar of Dithmenos.
   314 | D        | Found a white marble altar of Elyvilon.
   314 | D        | Found a blossoming altar of Fedhas.
   314 | D        | Found an opulent altar of Gozag.
   315 | D        | Found a hazy altar of Hepliaklqana.
   316 | D        | Found a viscous altar of Jiyva.
   317 | D        | Found an ancient bone altar of Kikubaaqudgha.
   318 | D        | Found a corrupted altar of Lugonu.
   319 | D        | Found a burning altar of Makhleb.
   320 | D        | Found a sparkling altar of Nemelex Xobeh.
   321 | D        | Found an iron altar of Okawaru.
   322 | D        | Found a stormy altar of Qazlal.
   325 | D        | Became a worshipper of Fedhas Madash
   328 | D        | Found a sacrificial altar of Ru.
   329 | D        | Found a shimmering blue altar of Sif Muna.
   330 | D        | Found a bloodstained altar of Trog.
   331 | D        | Found a hide-covered altar of Uskayaw.
   332 | D        | Found a radiant altar of Vehumet.
   333 | D        | Found an ornate altar of the Wu Jian Council.
   334 | D        | Found a shimmering altar of Xom.
   335 | D        | Found a basalt altar of Yredelemnul.
   336 | D        | Found a glowing silver altar of Zin.
   337 | D        | Found a glowing golden altar of the Shining One.
   380 | D        | Noticed an acid dragon
   380 | D        | Noticed a gnoll sergeant
   380 | D        | Noticed a wraith
   380 | D        | Noticed a two-headed ogre
   384 | D        | Killed a two-headed ogre
   385 | D        | Reached skill level 10 in Fighting
   385 | D        | Reached skill level 10 in Axes
   385 | D        | Reached skill level 10 in Armour
   385 | D        | Reached skill level 10 in Shields
   385 | D        | Reached XP level 5. HP: 23/59 MP: 4/4
   385 | D        | Reached XP level 6. HP: 27/67 MP: 5/5
   385 | D        | Reached XP level 7. HP: 29/73 MP: 6/6
   395 | D        | Killed a wraith
   395 | D        | Reached * piety under Fedhas
   409 | D        | Reached XP level 8. HP: 31/82 MP: 7/7
   410 | D        | Reached ** piety under Fedhas
   766 | D        | Noticed a manticore
   766 | D        | Noticed a cyclops
   766 | D        | Noticed a boulder beetle
   766 | D        | Noticed a troll
   773 | D        | Killed a troll
   780 | D        | Killed a boulder beetle
   783 | D        | Killed a cyclops
   783 | D        | Reached *** piety under Fedhas
   784 | D        | Reached XP level 9. HP: 68/93 MP: 8/8
   808 | D        | Killed a manticore
  1126 | D        | Noticed a six-headed hydra
  1137 | D        | Killed an eight-headed hydra
  1137 | D        | Reached **** piety under Fedhas
  1138 | D        | Reached skill level 5 in Invocations
  1150 | D        | Reached XP level 10. HP: 102/102 MP: 11/13
  1153 | D        | Reached ***** piety under Fedhas
  1236 | D        | Noticed a cane toad
  1236 | D        | Noticed a black mamba
  1236 | D        | Noticed a black mamba
  1238 | D        | Noticed a boulder beetle
  1245 | D        | Killed a black mamba
  1269 | D        | Killed a black mamba
  1270 | D        | Noticed a death yak
  1272 | D        | Killed a cane toad
  1279 | D        | Killed a death yak
  1290 | D        | Killed a boulder beetle
  1291 | D        | Reached skill level 15 in Fighting
  1291 | D        | Reached skill level 15 in Armour
  1291 | D        | Reached skill level 15 in Shields
  1324 | D        | Reached ****** piety under Fedhas
  1687 | D        | Reached skill level 15 in Axes
  1691 | D        | Reached skill level 10 in Invocations
  1691 | D        | Reached XP level 11. HP: 112/112 MP: 9/17
  1955 | D        | Noticed an orc knight
  1974 | D        | Killed an orc knight
  2337 | D        | Noticed an orc sorcerer
  2337 | D        | Noticed an orc high priest
  2348 | D        | Noticed a soul eater
  2353 | D        | Killed an orc high priest
  2357 | D        | Killed an orc sorcerer
  2387 | D        | Noticed an orc high priest
  2413 | D        | Killed an orc high priest
  2433 | D        | Noticed an orc knight
  2441 | D        | Killed an orc knight
  2455 | D        | Noticed an orc knight
  2459 | D        | Killed an orc knight
  2661 | D        | Found Rika Buy's Magic Scroll Boutique.
  2661 | D        | Noticed an orc high priest
  2690 | D        | Killed an orc high priest
  2704 | D        | Found Cuheaf's General Store.
  2706 | D        | Noticed an orc high priest
  2707 | D        | Found Nutuf's Antique Weapon Boutique.
  2721 | D        | Killed an orc high priest
  2809 | D        | Found Zosyecir's General Store.
  2813 | D        | Noticed an orc high priest
  2814 | D        | Noticed an orc high priest
  2833 | D        | Killed an orc high priest
  2838 | D        | Killed an orc high priest
  3172 | D        | Bought a scroll of acquirement for 520 gold pieces
  3174 | D        | Acquired 1069 gold pieces
  3178 | D        | Bought a scroll of enchant weapon for 82 gold pieces
  3188 | D        | Bought a scroll of magic mapping for 75 gold pieces
  3195 | D        | Bought the +7 chain mail of Exclusion {Int+4 Stlth+} for
                  | 692 gold pieces
  3267 | D        | Noticed Eustachio
  3268 | D        | Noticed Maurice
  3274 | D        | Noticed Gastronok
  3283 | D        | Killed Maurice
  3295 | D        | Killed Gastronok
  3295 | D        | Killed Eustachio
  3296 | D        | Reached XP level 12. HP: 102/125 MP: 19/21
  3605 | D        | Noticed a boulder beetle
  3605 | D        | Noticed an ogre mage
  3624 | D        | Noticed a centaur warrior
  3628 | D        | Killed an ogre mage
  3638 | D        | Killed a centaur warrior
  3656 | D        | Killed a boulder beetle
  3871 | D        | Noticed a stone giant
  3872 | D        | Noticed a spark wasp
  3872 | D        | Noticed a red very ugly thing
  3876 | D        | Noticed a spriggan air mage
  3889 | D        | Killed a stone giant
  3896 | D        | Killed a red very ugly thing
  3897 | D        | Reached skill level 15 in Invocations
  3898 | D        | Mangled by a spark wasp

Illustrated notes

Levels and vault maps discovered:
D:        linesprint [early_d, line_temple, items_1, d_10, items_2, lair_1,
          lair_end, items_3, orc_1, orc_end, items_4, d_15, swamp_1, shoals_1,
          snake_1, spider_1, d_20, vaults_1, items_5, swamp_end, shoals_end,
          snake_end, spider_end, vaults_end, d_27, items_6, zot_1, zot_end,
          crypt_end, forest_end, elf_end, slime_end, tomb_end, abyss_end,
          pan_hell_end]

Skill      XL: |  1  2  3  4  5  6  7  8  9 10 11 12 |
---------------+-------------------------------------+-----
Fighting       | 4 6 10 11 13 15 17 | 17.7
Armour         | 4 6 10 11 13 15 17 | 17.7
Shields        | 4 6 10 11 13 15 17 | 17.7
Axes           | 3 5 10 12 13 15 16 17 | 17.5
Invocations    | 6 10 13 15 | 15.0

Action                   |  1- 3 |  4- 6 |  7- 9 | 10-12 || total
-------------------------+-------+-------+-------+-------++-------
Melee: War axe           |    40 |     4 |       |       ||    44
       Headbutt          |     3 |     1 |    10 |    17 ||    31
       Broad axe         |       |     3 |    58 |    72 ||   133
Invok: Wall of Briars    |       |       |     1 |    15 ||    16
       Grow Ballistomyce |       |       |     1 |       ||     1
       Grow Oklob        |       |       |       |    11 ||    11
Evoke: Wand              |       |     1 |     1 |     2 ||     4
  Use: Potion            |     1 |       |    12 |     6 ||    19
       Scroll            |       |       |     1 |     2 ||     3
 Stab: Invisible         |       |       |     3 |       ||     3
Armor: Scale mail        |    13 |     3 |    27 |    10 ||    53
       Chain mail        |       |       |       |    12 ||    12
       Plate armour      |       |       |       |     5 ||     5
Dodge: Dodged            |    21 |     2 |    32 |    24 ||    79
Block: Buckler           |     6 |     2 |    28 |    21 ||    57

Table legend: (Time is in decaauts)
 A = Elapsed time spent in this place.
 B = Non-inter-level travel time spent in this place.
 C = Inter-level travel time spent in this place.
 D = Time resting spent in this place.
 E = Time spent auto-exploring this place.
 F = Levels seen in this place.
 G = Mean time per level.
                   A        B        C        D        E       F      G
               +--------+--------+--------+--------+--------+-----+--------+
         Total |   3949 |   3949 |      0 |   2428 |      0 |   1 | 3949.0 |
       Dungeon |   3949 |   3949 |      0 |   2428 |      0 |   1 | 3949.0 |
               +--------+--------+--------+--------+--------+-----+--------+

Top non-repeatable levels by time:
       D: 3949 daAuts
